 Dungeon Crawl Stone Soup version 0.26-a0-665-gefeb406119 (webtiles) character file.

Game seed: 1220069022846793070

88 jasper the Unweaver (level 4, -5/40 HPs)
             Began as a Palentonga Abyssal Knight on Oct 13, 2020.
             Was a Follower of Lugonu.
             Slain by a river rat (6 damage)
             ... summoned by Eustachio
             ... on level 4 of the Dungeon.
             The game lasted 00:02:09 (2168 turns).

jasper the Unweaver (Palentonga Abyssal Knight)     Turns: 2168, Time: 00:02:10

Health: -5/40      AC:  5    Str: 17    XL:     4   Next: 30%
Magic:  7/7        EV:  7    Int: 12    God:    Lugonu [*.....]
Gold:   138        SH:  2    Dex:  9    Spells: 3/3 levels left

rFire    + . .     SeeInvis +   a - +1 hand axe
rCold    + . .     Faith    .   r - +0 buckler
rNeg     . . .     Spirit   .   k - +0 ring mail
rPois    +         Reflect  .   (no helmet)
rElec    +         Harm     .   (no cloak)
rCorr    +         Rampage  .   (no gloves)
MR       .....                  (no barding)
Stlth    ..........             (no amulet)
HPRegen  0.13/turn              (no ring)
MPRegen  0.10/turn              (no ring)

@: mighty, brilliant, resistant
A: large, rugged brown scales 3, see invisible, deformed body, roll, armoured
tail
a: Rolling Charge, Depart the Abyss, Renounce Religion


You were on level 4 of the Dungeon.
You worshipped Lugonu.
Lugonu was aware of your devotion.
You visited 1 branch of the dungeon, and saw 4 of its levels.
You visited the Abyss 1 time.

You collected 138 gold pieces.

Inventory:

Hand Weapons
 a - a +1 hand axe (weapon)
Missiles
 p - 47 stones (quivered)
Armour
 b - a +0 leather armour
 j - a +0 chain mail
 k - a +0 ring mail (worn)
 r - a +0 buckler (worn)
Jewellery
 t - an uncursed ring of flight {unknown}
Scrolls
 c - a scroll of enchant armour {unknown}
 e - 6 scrolls of identify {unknown}
 g - 3 scrolls of immolation {unknown}
 l - a scroll of blinking {unknown}
 m - a scroll of magic mapping {unknown}
 q - a scroll of noise {unknown}
Potions
 d - a potion of brilliance
 o - a potion of might


   Skills:
 - Level 3.0 Fighting
 - Level 2.0 Axes
 - Level 1.5 Armour
 - Level 0.7 Dodging
 + Level 5.0 Invocations


You had 3 spell levels left.
You didn't know any spells.
Your spell library was empty.

Dungeon Overview and Level Annotations

Branches:
Dungeon (3/15)

Altars:
Dithmenos

Annotations:
D:4 Eustachio


Innate Abilities, Weirdness & Mutations

You are completely covered in rugged brown scales. (AC +3, +7% HP)
You have supernaturally acute eyesight. (SInv)
Armour fits poorly on your strangely shaped body.
You can roll at foes to attack.
You have a long armoured tail.


Message History

MP restored: 7 Unknown command.
You completely miss the bat.
Your tail-slap misses the bat.
You miss the quasit. You slash the river rat! The bat barely misses you.
The bat hits you but does no damage.
The river rat bites you but does no damage.
The quasit bites you.
* * * LOW HITPOINT WARNING * * *
The quasit claws you but does no damage. x2
The bat closely misses you.
You take 1 damage, and have 1/40 hp.
Unknown command.
You completely miss the river rat.
The river rat is severely wounded.
You closely miss the bat. You miss the quasit.
The bat hits you but does no damage.
The quasit bites you but does no damage.
The quasit claws you but does no damage.
You block the quasit's attack. The river rat bites you.
You die...

.####.###
#.......#
#.......#
#...!...#
#####.......#
#####r .........#
#..b.)###..(....#
#.r@555......#
......####.......#
.#### ######.## #


You could see an iron imp (summoned), a quasit (summoned), a crimson imp
(summoned), a river rat (summoned), a bat (summoned) and a rat (summoned).

Vanquished Creatures
  An orc wizard (D:4)
  A worker ant (D:4)
  4 orcs
  2 ball pythons
  2 giant cockroaches (D:1)
  4 goblins
  4 hobgoblins
  4 jackals
  2 kobolds
  3 bats (D:1)
  3 rats
30 creatures vanquished.

Notes
Turn   | Place    | Note
-------+----------+-------------------------------------------
     0 | Abyss:1  | jasper the Palentonga Abyssal Knight began the quest for
                  | the Orb.
     0 | Abyss:1  | Reached XP level 1. HP: 20/20 MP: 2/2
    77 | Abyss:1  | Noticed a tentacled starspawn
    78 | D:1      | Escaped the Abyss
   407 | D:1      | Reached XP level 2. HP: 24/27 MP: 4/4
   407 | D:1      | Reached skill level 3 in Invocations
  1982 | D:2      | Found a shadowy altar of Dithmenos.
  2085 | D:3      | Reached XP level 3. HP: 33/33 MP: 5/5
  2091 | D:3      | Reached * piety under Lugonu
  2128 | D:3      | You fall into a shaft and drop 1 floor!
  2129 | D:4      | Noticed Eustachio
  2152 | D:4      | Reached skill level 4 in Invocations
  2166 | D:4      | Reached skill level 5 in Invocations
  2166 | D:4      | Reached XP level 4. HP: 5/40 MP: 7/7
  2166 | D:4      | HP: 2/40 [quasit[Eustachio] (3)]
  2168 | D:4      | Slain by a river rat

Illustrated notes

Levels and vault maps discovered:
D:1:      evilmike_arrival_rings, layout_basic
D:2:      layout_basic, lemuel_round_altar, nicolae_underground_beach
D:3:      layout_basic, overflow_temple_1_default, ebering_ghost_gozag,
          saegor_snake_ambush
D:4:      layout_rooms, serial_curves, eino_curves_04, eino_curves_02,
          eino_curves_03, eino_curves_03, uniq_ijyb, uniq_eustachio

Skill      XL: |  1  2  3 |
---------------+----------+-----
Invocations    | 3 5 |  5.0
Fighting       | |  3.0
Axes           | |  2.0
Armour         | |  1.5
Dodging        | |  0.7

Action                   |  1- 3 |  4- 6 || total
-------------------------+-------+-------++-------
Melee: Hand axe          |   108 |     2 ||   110
       Tailslap          |     5 |       ||     5
Invok: Depart the Abyss  |     1 |       ||     1
  Use: Potion            |     7 |       ||     7
Armor: Leather armour    |     7 |       ||     7
       Ring mail         |    46 |    11 ||    57
       Skin              |    50 |       ||    50
Dodge: Dodged            |    52 |     2 ||    54
Block: Buckler           |    15 |     1 ||    16

Table legend: (Time is in decaauts)
 A = Elapsed time spent in this place.
 B = Non-inter-level travel time spent in this place.
 C = Inter-level travel time spent in this place.
 D = Time resting spent in this place.
 E = Time spent auto-exploring this place.
 F = Levels seen in this place.
 G = Mean time per level.
                   A        B        C        D        E       F      G
               +--------+--------+--------+--------+--------+-----+--------+
         Total |   2208 |   2145 |     63 |      0 |   1878 |   5 |  441.6 |
       Dungeon |   2122 |   2059 |     63 |      0 |   1796 |   4 |  530.5 |
         Abyss |     85 |     85 |      0 |      0 |     82 |   1 |   85.0 |
               +--------+--------+--------+--------+--------+-----+--------+

Top non-repeatable levels by time:
     D:2: 1038 daAuts
     D:1: 980 daAuts
 Abyss:1: 85 daAuts
     D:4: 55 daAuts
     D:3: 48 daAuts
